 Dungeon Crawl Stone Soup version 0.29-a0-1016-g236c7fd91e (webtiles) character file.

Game seed: 15182275761551819271

8 ytrimaz the Trooper (level 2, 24/24 HPs)
             Began as a Demonspawn Fighter on Aug 9, 2022.
             Quit the game on level 1 of the Dungeon.
             The game lasted 00:00:26 (461 turns).

ytrimaz the Trooper (Demonspawn Fighter)             Turns: 461, Time: 00:00:26

Health: 24/24      AC:  6    Str: 16    XL:     2   Next: 0%
Magic:  2/2        EV:  8    Int:  9    God:
Gold:   11         SH:  4    Dex: 12    Spells: 1/1 levels left

rFire   . . .      SeeInvis .   a - +0 war axe
rCold   . . .      Faith    .   c - +0 buckler
rNeg    . . .      Spirit   .   b - +0 scale mail
rPois   .          Reflect  .   (no helmet)
rElec   .          Harm     .   (no cloak)
rCorr   .          Rampage  .   (no gloves)
Will    .....                   (no boots)
Stlth   ..........              (no amulet)
HPRegen 0.08/turn               (no ring)
MPRegen 0.08/turn               (no ring)

@: no status effects
A: demonic magic 1
a: no special abilities


You were on level 1 of the Dungeon.
You visited 1 branch of the dungeon, and saw 1 of its levels.

You collected 11 gold pieces.

Inventory:

Hand Weapons
 a - a +0 war axe (weapon)
Missiles
 e - a throwing net (quivered)
Armour
 b - a +0 scale mail (worn)
 c - a +0 buckler (worn)
Scrolls
 f - 2 scrolls of identify {unknown}
 g - a scroll of teleportation {unknown}
Potions
 d - 2 potions of might


   Skills:
 - Level 3.0 Fighting
 + Level 2.5 Axes
 - Level 2.6 Armour
 - Level 2.6 Shields


You had one spell level left.
You didn't know any spells.
Your spell library was empty.

Dungeon Overview and Level Annotations

Branches:
Dungeon (1/15)

Altars:


Innate Abilities, Weirdness & Mutations

Spells you cast may paralyse adjacent enemies.


Message History

A bat is nearby!
A bat is nearby!
You closely miss the bat. The bat closely misses you.
The bat hits you but does no damage. The bat hits you but does no damage.
You hit the bat.
The bat is severely wounded.
The bat hits you but does no damage. x2
The bat hits you but does no damage. The bat hits you but does no damage.
You slash the bat!
You kill the bat!
No target in view!
Unknown command.
No target in view!
You see here a bat corpse.
Found a ring mail.
Found a stone staircase leading down.
You now have 11 gold pieces (gained 5).
There is a stone staircase leading down here.
g - a scroll labelled JUNTEI MOCKI
Found a robe.
You open the door.
A bat comes into view.
A bat is nearby!
A bat is nearby!
The bat hits you but does no damage.
There is an open door here.
A giant cockroach comes into view.
The bat closely misses you. The bat hits you but does no damage.
The bat hits you but does no damage.
You hit the giant cockroach.
You kill the giant cockroach!
You hit the bat.
You kill the bat!
You have reached level 2!
Your demonic ancestry asserts itself...
A menacing aura infuses your magic.
Are you sure you want to abandon this character and quit the game? (Confirm with "yes".)

......#......###.. . .
.###.# ##.....##... # .#[ #.
###........ #. ... #+##
###.....# #.##.# ##...##
###...## ....# ##.....##
#......# ##..# ##.......##
#..###.#
##...####.........###...#..#
#.......'..@†.....+......†..
##...####.........###....#.#
##..# ##.......## #......#
#####.# ##.....## ####.###
#.....# ##...## #.# #.#####
#+## ###.# #.# #.# #...# #.#
#####.#### #.###
##.########........# #.#


There were no monsters in sight!

Vanquished Creatures
  An endoplasm (D:1)
  A giant cockroach (D:1)
  2 hobgoblins (D:1)
  A ball python (D:1)
  2 bats (D:1)
  A rat (D:1)
8 creatures vanquished.

Notes
Turn   | Place    | Note
-------+----------+-------------------------------------------
     0 | D:1      | ytrimaz the Demonspawn Fighter began the quest for the Orb.
     0 | D:1      | Reached XP level 1. HP: 18/18 MP: 1/1
   461 | D:1      | Gained mutation: Spells you cast may paralyse adjacent
                  | enemies. [demonic ancestry]
   461 | D:1      | Reached XP level 2. HP: 24/24 MP: 2/2
   461 | D:1      | Quit the game

Illustrated notes

Levels and vault maps discovered:
D:1:      dpeg_arrival_arbitrary_b, layout_loops_corners

Skill      XL: |  1 |
---------------+----+-----
Axes           | 2 |  2.5
Fighting       | |  3.0
Armour         | |  2.6
Shields        | |  2.6

Action                   || total
-------------------------++-------
Melee: War axe           ||    18
Armor: Scale mail        ||    17
Dodge: Dodged            ||     9
Block: Buckler           ||     3

Table legend: (Time is in decaauts)
 A = Elapsed time spent in this place.
 B = Non-inter-level travel time spent in this place.
 C = Inter-level travel time spent in this place.
 D = Time resting spent in this place.
 E = Time spent auto-exploring this place.
 F = Levels seen in this place.
 G = Mean time per level.
                   A        B        C        D        E       F      G
               +--------+--------+--------+--------+--------+-----+--------+
         Total |    469 |    469 |      0 |      0 |    398 |   1 |  469.0 |
       Dungeon |    469 |    469 |      0 |      0 |    398 |   1 |  469.0 |
               +--------+--------+--------+--------+--------+-----+--------+

Top non-repeatable levels by time:
     D:1: 469 daAuts
